Map: Catalyst LE

Players

KaasGrater - Winner!

  • Race: Protoss Protoss
  • League: Diamond
  • Spawn Location: 11:00

A.I. 1 (Easy)

  • Race: Protoss Protoss
  • Spawn Location: 5:00

VOD

Have the link to the VOD?

Description

Time

  • Played on: July 26, 2018, 5:01 p.m.
  • Length: 6:02
Show
View Real Time Build Order
Export as new Build Order

KaasGrater Protoss - Winner!

Build Orders: Phoenix Opening 

Get SALT Encoding   

  12  0:02  Probe  
  13  0:14  Probe  
  14  0:19  Pylon  
  14  0:26  Probe  
  15  0:35  Probe  
  15  0:41  Gateway  
  16  0:43  Probe  
  16  0:49  Assimilator  
  17  0:52  Probe  
  18  0:59  Assimilator  
  18  1:04  Probe  
  19  1:16  Probe  
  20  1:21  Gateway  
  20  1:28  Probe  
  21  1:37  Cybernetics Core  
  21  1:40  Probe  
  22  1:52  Pylon  
  22  1:53  Probe  
  23  2:13  Adept  
  23  2:14  Adept, Warp Gate  
  27  2:19  Stargate  
  27  2:40  Stalker  
  27  2:41  Zealot  
  27  2:44  Pylon  
  31  2:56  Phoenix  
  33  3:07  Gateway  
  33  3:13  Phoenix  
  33  3:24  Pylon  
  35  3:31  Phoenix  
  37  3:48  Phoenix  
  39  4:13  Phoenix  
  41  4:26  Stalker  
  41  4:27  Stalker x2  
  47  4:32  Pylon  
  47  4:53  Stalker  
  47  4:54  Stalker x2  
  51  5:14  Pylon  
  51  5:20  Stalker x2  
  55  5:33  Zealot  
Show
View Real Time Build Order
Export as new Build Order

A.I. 1 (Easy) Protoss 

Build Orders:  

Get SALT Encoding   

  12  0:00  Probe  
  13  0:13  Probe  
  14  0:19  Pylon  
  14  0:25  Probe  
  15  0:34  Probe  
  15  0:40  Gateway  
  16  0:45  Assimilator  
  16  0:54  Pylon  
  16  1:18  Assimilator  
  16  1:26  Zealot  
  16  1:29  Cybernetics Core  
  18  1:58  Adept  
  20  2:10  Pylon  
  20  2:12  Warp Gate  
  20  2:19  Probe  
  21  2:31  Probe  
  22  2:39  Stalker  
  22  2:43  Probe  
  25  2:56  Probe  
  26  3:06  Adept  
  26  3:08  Probe  
  29  3:20  Probe  
  30  3:45  Stalker  
  32  4:20  Probe  
  32  4:44  Adept  
  32  4:49  Pylon  
  22  5:01  Probe  
  22  5:04  Zealot  
  20  5:09  Probe  
  14  5:17  Probe  
  9  5:22  Pylon  
  9  5:24  Zealot  
  9  5:27  Probe  
Tags
 
League
Diamond
Matchup
PvP
Spawn Locations
Cross Positions
Add a new tag
Caveats
  • Supply blocks, unpowered buildings, or Contaminate may cause inaccurate times.
  • Supply counts are checked every 10 seconds.